 Dungeon Crawl Stone Soup version 0.30-a0-390-g80c34de65d (webtiles) character file.

Game seed: 5130346906671083625

288 voltaire321 the Sneak (level 6, -3/35 HPs)
             Began as a Kobold Enchanter on Dec 4, 2022.
             Splashed by a jelly's acid (7 damage)
             ... on level 4 of the Dungeon.
             The game lasted 00:10:13 (3125 turns).

voltaire321 the Sneak (Kobold Enchanter)            Turns: 3125, Time: 00:10:14

Health: -3/35      AC:  0    Str:  8    XL:     6   Next: 57%
Magic:  10/10      EV: 15    Int: 16    God:
Gold:   159        SH:  0    Dex: 15    Spells: 9/11 levels left

rFire   . . .      SeeInvis +    l - +0 dagger (venom)
rCold   . . .      Faith    .    (no shield)
rNeg    . . .      Spirit   .    k - +1 leather armour
rPois   .          Reflect  .    (no helmet)
rElec   .          Harm     .    (no cloak)
rCorr   .          Rampage  .    (no gloves)
Will    .....                    (no boots)
Stlth   ++++......               (no amulet)
HPRegen 0.25/turn                v - ring of see invisible
MPRegen 0.12/turn                (no ring)

@: corroded
A: small, no large weapons, nightstalker 3
a: no special abilities


You were on level 4 of the Dungeon.
You visited 1 branch of the dungeon, and saw 4 of its levels.

You collected 159 gold pieces.

Inventory:

Hand Weapons
 a - a +1 dagger
 l - a +0 dagger of venom (weapon)
 m - a +3 dagger
Missiles
 j - 8 poisoned darts (quivered)
 o - 3 atropa-tipped darts
Armour
 b - a +0 robe
 k - a +1 leather armour (worn)
Jewellery
 v - a ring of see invisible (left hand)
Scrolls
 d - 2 scrolls of identify
 g - a scroll of fear {unknown}
 h - 2 scrolls of enchant armour
 p - a scroll of noise {unknown}
 r - a scroll of amnesia {unknown}
 s - a scroll of enchant weapon {unknown}
 x - a scroll of summoning {unknown}
Potions
 c - a potion of invisibility
 f - 2 potions of cancellation
 i - a potion of might {unknown}
 n - a potion of mutation {unknown}
 q - a potion of ambrosia {unknown}
 t - a potion of flight {unknown}
 u - a potion of degeneration {unknown}
 w - a potion of magic {unknown}


   Skills:
 + Level 2.1 Fighting
 + Level 3.2 Short Blades
 + Level 3.7 Dodging
 + Level 5.2 Stealth
 + Level 3.1 Spellcasting
 + Level 3.8 Hexes
 + Level 1.7 Ice Magic


You had 9 spell levels left.
You knew the following spells:

 Your Spells              Type           Power      Damage    Failure   Level
a - Ensorcelled Hibernat  Hex/Ice        22%        N/A       13%         2

Your spell library contained the following spells:

 Spells                   Type           Power      Damage    Failure   Level
 Confusing Touch          Hex            14%        N/A       17%         3
 Tukima's Dance           Hex            14%        N/A       17%         3
 Magic Dart               Conj           8%         1d3       26%         1
 Dazzling Flash           Conj/Hex       16%        N/A       36%         3
 Inner Flame              Hex/Fire       8%         N/A       36%         3
 Call Imp                 Summ           2%         N/A       38%         2
 Static Discharge         Conj/Air       4%         2-3/arc   38%         2
 Cause Fear               Hex            7%         N/A       50%         4
 Mephitic Cloud           Conj/Pois/Air  2%         N/A       63%         3
 Vhi's Electric Charge    Tloc/Air       4%         N/A       63%         3
 Arcjolt                  Conj/Air       1%         1d11      100%        5
 Lightning Bolt           Conj/Air       1%         1d12      100%        5
 Conjure Ball Lightning   Conj/Air       1%         3x3d6     100%        6
 Discord                  Hex            7%         N/A       100%        8
 Disjunction              Tloc           1%         N/A       100%        8


Dungeon Overview and Level Annotations

Branches:
Dungeon (4/15)             Temple (0/1) D:4

Altars:
Makhleb


Innate Abilities, Weirdness & Mutations

You are small and have problems with some larger weapons.
You are completely attuned to the shadows.


Message History

You now have 159 gold pieces (gained 6).
The helpless kobold brigand fails to defend itself.
You impale the kobold brigand!!
The kobold brigand is almost dead.
The kobold brigand hits you with a +0 short sword.
You hit the kobold brigand.
The kobold brigand is almost dead.
The kobold brigand hits you with a +0 short sword.
You closely miss the kobold brigand.
The kobold brigand is almost dead.
You hit the kobold brigand but do no damage.
The kobold brigand is almost dead.
The kobold brigand hits you but does no damage.
You closely miss the kobold brigand.
The kobold brigand is almost dead.
The kobold brigand completely misses you.
You hit the kobold brigand.
You kill the kobold brigand!
Your Fighting skill increases to level 2!
j - 9 poisoned darts (gained 3)
You see here a +0 short sword.
You open the door.
There is an open door here.
You hear the brisk rusting of a distant drain.
HP restored.
A jelly comes into view.
The jelly quivers.
Throw: 9 darts (poison)
Press: ? - help, Q - select action, (/) - cycle Shift-Dir - straight line, f - jelly
Aim: a jelly (89% to hit)
You throw a poisoned dart. The poisoned dart hits the jelly.
You hit the jelly but do no damage.
Your hands burn!
The jelly hits you. The acid corrodes you!
You are splashed with acid!
You hit the jelly but do no damage.
Your hands burn!
The jelly hits you.
You are splashed with acid!
* * * LOW HITPOINT WARNING * * *
The jelly attacks as you move away! The jelly hits you.
* * * LOW HITPOINT WARNING * * *
You are splashed with acid!
You die...

########### ..#.......#
#.#.#####.###########
#.#....<#............
#.#######............
#.................(..
#########.......@J...
#...>................
#.###)###...#############
#.#.........# #.....#
#.#.#.......# #.....#
#.#......).## #.....##
#.#######).########..)...#
#.#...............'..#.#.#
#...............###......#


You could see a jelly.

Vanquished Creatures
  An ogre (D:3)
  A kobold brigand (D:4)
  A hound (D:4)
  3 adders
  A worm (D:3)
  4 orcs
  5 bats
  3 endoplasms
  7 goblins
  5 hobgoblins
  2 jackals (D:3)
  2 quokkas (D:1)
  6 ball pythons
  3 frilled lizards (D:1)
  4 kobolds
  3 rats
51 creatures vanquished.

Vanquished Creatures (others)
  An orc priest (D:4)
1 creature vanquished.

Grand Total: 52 creatures vanquished

Notes
Turn   | Place    | Note
-------+----------+-------------------------------------------
     0 | D:1      | voltaire321 the Kobold Enchanter began the quest for the
                  | Orb.
     0 | D:1      | Reached XP level 1. HP: 10/10 MP: 3/3
   365 | D:1      | Reached XP level 2. HP: 13/16 MP: 5/5
   497 | D:1      | Learned a level 2 spell: Ensorcelled Hibernation
   753 | D:2      | Reached XP level 3. HP: 17/20 MP: 6/6
  1990 | D:3      | Reached skill level 1 in Fighting
  2114 | D:3      | Reached XP level 4. HP: 25/25 MP: 7/7
  2232 | D:3      | Noticed an ogre
  2473 | D:3      | Killed an ogre
  2474 | D:3      | Reached skill level 1 in Ice Magic
  2474 | D:3      | Reached XP level 5. HP: 30/30 MP: 7/9
  2883 | D:4      | Reached skill level 5 in Stealth
  2931 | D:4      | Noticed a kobold brigand
  3017 | D:4      | Found a staircase to the Ecumenical Temple.
  3046 | D:4      | Found a burning altar of Makhleb.
  3050 | D:4      | Reached XP level 6. HP: 35/35 MP: 10/10
  3125 | D:4      | Splashed by a jelly's acid

Illustrated notes

Levels and vault maps discovered:
D:1:      minmay_arrival_plants_in_alcoves, layout_loops_ring
D:2:      layout_basic, roderic_roman_lattice
D:3:      layout_loops_cross
D:4:      layout_basic, makhleb_heckhound_becter, minmay_temple_entry_fiery,
          gup_sewer_entry_bowl, serial_glass, glass_columns_a, glass_columns_a

Skill      XL: |  1  2  3  4  5  6 |
---------------+-------------------+-----
Short Blades   | 2 3 |  3.2
Fighting       | 1 2 |  2.1
Dodging        | 3 |  3.7
Ice Magic      | 1 |  1.7
Stealth        | 5 |  5.2
Spellcasting   | 3 |  3.1
Hexes          | |  3.8

Action                   |  1- 3 |  4- 6 || total
-------------------------+-------+-------++-------
Melee: Dagger            |    96 |    66 ||   162
       Punch             |     1 |       ||     1
Throw: Dart              |       |     1 ||     1
  Use: Scroll            |       |     3 ||     3
       Potion            |       |     1 ||     1
 Stab: Sleeping          |    10 |     8 ||    18
       Distracted        |       |     1 ||     1
Armor: Robe              |     5 |       ||     5
       Leather armour    |    11 |     6 ||    17
Dodge: Dodged            |    53 |    39 ||    92

Table legend: (Time is in decaauts)
 A = Elapsed time spent in this place.
 B = Non-inter-level travel time spent in this place.
 C = Inter-level travel time spent in this place.
 D = Time resting spent in this place.
 E = Time spent auto-exploring this place.
 F = Levels seen in this place.
 G = Mean time per level.
                   A        B        C        D        E       F      G
               +--------+--------+--------+--------+--------+-----+--------+
         Total |   3105 |   2954 |    151 |    181 |   2040 |   4 |  776.2 |
       Dungeon |   3105 |   2954 |    151 |    181 |   2040 |   4 |  776.2 |
               +--------+--------+--------+--------+--------+-----+--------+

Top non-repeatable levels by time:
     D:2: 1222 daAuts
     D:3: 849 daAuts
     D:1: 721 daAuts
     D:4: 312 daAuts
